 Dungeon Crawl Stone Soup version 0.26-a0-850-g97a50ab700 (webtiles) character file.

Game seed: 3582405201953133019

74 runemasterragnar the Conjurer (level 4, -1/28 HPs)
             Began as an Octopode Conjurer on Nov 21, 2020.
             Slain by a gnoll
             ... wielding a +0 spear
              (3 damage)
             ... on level 3 of the Dungeon.
             The game lasted 00:02:38 (3077 turns).

runemasterragnar the Conjurer (Octopode Conjurer)   Turns: 3077, Time: 00:02:38

Health: -1/28      AC:  1    Str:  6    XL:     4   Next: 30%
Magic:  1/7        EV: 13    Int: 21    God:
Gold:   79         SH:  0    Dex: 10    Spells: 6/7 levels left

rFire    . . .     SeeInvis .   b - +0 dagger
rCold    . . .     Faith    .   (no shield)
rNeg     . . .     Spirit   .   (helmet restricted)
rPois    .         Reflect  .   (no amulet)
rElec    .         Harm     .   (no ring)
rCorr    .         Rampage  .   (no ring)
MR       .....                  (no ring)
Stlth    +++.......             (no ring)
HPRegen  0.09/turn              (no ring)
MPRegen  0.10/turn              (no ring)
                                (no ring)
                                (no ring)

@: no status effects
A: almost no armour, stealthy swim, amphibious, 8 rings, constrict 8, camouflage
1, gelatinous body 1
a: no special abilities


You were on level 3 of the Dungeon.
You visited 1 branch of the dungeon, and saw 3 of its levels.

You collected 79 gold pieces.

Inventory:

Hand Weapons
 b - a +0 dagger (weapon)
Scrolls
 a - 2 scrolls of identify
 f - 2 scrolls of remove curse
 g - a scroll of fog {unknown}
Potions
 c - a potion of heal wounds
 d - a potion of brilliance
 e - a potion of flight


   Skills:
 + Level 1.3 Fighting
 + Level 2.4 Dodging
 + Level 3.5 Stealth
 + Level 2.4 Spellcasting
 * Level 4.6 Conjurations


You had 6 spell levels left.
You knew the following spells:

 Your Spells              Type           Power        Failure   Level
a - Magic Dart            Conj           ###.         2%          1

Your spell library contained the following spells:

 Spells                   Type           Power        Failure   Level
 Searing Ray              Conj           ###...       3%          2
 Dazzling Flash           Conj/Hex       ##....       17%         3
 Fulminant Prism          Conj/Hex       ##........   50%         4
 Iskenderun's Mystic Bla  Conj/Tloc      ##......     50%         4


Dungeon Overview and Level Annotations

Branches:
Dungeon (3/15)

Altars:
Cheibriados
Yredelemnul


Innate Abilities, Weirdness & Mutations

You cannot wear most types of armour.
You are very stealthy in the water. (Stealth+)
You are amphibious.
You can wear up to eight rings at the same time.
You can use your tentacles to constrict eight enemies at once.
Your skin changes colour to match your surroundings (Stealth+).
Your rubbery body absorbs attacks. (AC +1, EV +1)


Message History

The gnoll hits you from afar with a +0 spear.
Casting: Magic Dart (safe; 2% risk of failure)
Confirm with . or Enter, or press ? or * to list all spells.
Aiming: Magic Dart (safe; 2% risk of failure)
Press: ? - help, Shift-Dir - straight line, f/p - gnoll
Aim: a gnoll, wielding a +0 spear and wearing a +0 ring mail (moderately wounded)
The magic dart hits the gnoll but does no damage.
The gnoll is moderately wounded.
The gnoll barely misses you.
You struggle against the net.
The gnoll hits you from afar with a +0 spear.
* * * LOW HITPOINT WARNING * * *
You struggle against the net.
The goblin shouts!
The gnoll hits you from afar with a +0 spear.
* * * LOW HITPOINT WARNING * * *
You rip the net and break free!
The gnoll barely misses you.
Okay, then.
The gnoll hits you from afar with a +0 spear.
You die...

#. #.## .#.. #
..####..###.#..
##
.#..(..........
...
...............
...
...............
...
...............
...
...........b...
...
.....g†@..g....
...
........!......
...
...............
...
..............#
...
.#.....#.....##
... [....##
###### ...
..... ### .....


You could see a gnoll, a goblin and a bat.

Vanquished Creatures
  2 gnolls (D:3)
  An adder (D:2)
  A worm (D:2)
  2 dart slugs (D:1)
  2 leopard geckos
  An orc (D:3)
  2 ball pythons
  6 goblins
  2 hobgoblins (D:1)
  2 jackals (D:3)
  2 quokkas
  2 bats
  4 frilled lizards
  3 kobolds
  5 rats
37 creatures vanquished.

Notes
Turn   | Place    | Note
-------+----------+-------------------------------------------
     0 | D:1      | runemasterragnar the Octopode Conjurer began the quest for
                  | the Orb.
     0 | D:1      | Reached XP level 1. HP: 11/11 MP: 3/3
   390 | D:1      | Reached XP level 2. HP: 18/18 MP: 1/5
  1641 | D:2      | Reached XP level 3. HP: 22/22 MP: 6/6
  2117 | D:2      | Reached skill level 1 in Fighting
  2286 | D:2      | Found a snail-covered altar of Cheibriados.
  2625 | D:3      | Reached XP level 4. HP: 9/28 MP: 0/7
  2642 | D:3      | Found a basalt altar of Yredelemnul.
  3077 | D:3      | Slain by a gnoll

Illustrated notes

Levels and vault maps discovered:
D:1:      dpeg_arrival_windows_large_door, layout_loops_ring,
          serial_co_window_serial, co_window_paths_a, co_window_corner_a,
          co_window_corner_a, co_window_corner_a, co_window_paths_a,
          co_window_of_opportunity_b, co_window_2corner, co_window_2corner,
          co_window_unsneaky_path_d, minmay_misc_feat_square
D:2:      layout_loops_corners, cheibriados_altar_1
D:3:      layout_rooms, lemuel_doored_altar, nrook_campfire

Skill      XL: |  1  2  3 |
---------------+----------+-----
Stealth        | 3 |  3.5
Fighting       | 1 |  1.3
Dodging        | |  2.4
Spellcasting   | |  2.4
Conjurations   | |  4.6

Action                   |  1- 3 |  4- 6 || total
-------------------------+-------+-------++-------
Melee: Unarmed           |    12 |       ||    12
       Constrict         |    15 |     1 ||    16
       Tentacles         |     8 |     1 ||     9
       Dagger            |    56 |     5 ||    61
 Cast: Magic Dart        |    25 |    15 ||    40
  Use: Scroll            |       |     4 ||     4
 Stab: Sleeping          |    10 |     2 ||    12
Armor: Skin              |     2 |       ||     2
Dodge: Dodged            |    44 |     6 ||    50

Table legend: (Time is in decaauts)
 A = Elapsed time spent in this place.
 B = Non-inter-level travel time spent in this place.
 C = Inter-level travel time spent in this place.
 D = Time resting spent in this place.
 E = Time spent auto-exploring this place.
 F = Levels seen in this place.
 G = Mean time per level.
                   A        B        C        D        E       F      G
               +--------+--------+--------+--------+--------+-----+--------+
         Total |   3076 |   3022 |     54 |    917 |   1801 |   3 | 1025.3 |
       Dungeon |   3076 |   3022 |     54 |    917 |   1801 |   3 | 1025.3 |
               +--------+--------+--------+--------+--------+-----+--------+

Top non-repeatable levels by time:
     D:1: 1627 daAuts
     D:2: 1027 daAuts
     D:3: 422 daAuts
